 Dungeon Crawl Stone Soup version 0.21.0-22-g11d5b52 (webtiles) character file.

11 Frisk the Magician (level 2, -3/23 HPs)
             Began as a Gnoll Wanderer on Jan 18, 2018.
             Slain by a kobold
             ... wielding a +0 short sword
              (5 damage)
             ... on level 1 of the Dungeon.
             The game lasted 00:01:30 (134 turns).

Frisk the Magician (Gnoll Wanderer)                  Turns: 134, Time: 00:01:31

Health: -3/23      AC:  2    Str: 14    XL:     2   Next: 25%
Magic:  10/10      EV:  8    Int: 16    God:
Gold:   14         SH:  0    Dex: 12    Spells: 15/15 levels left

rFire    . . .     SeeInvis .   f - +0 dagger
rCold    . . .     Gourm    .   (no shield)
rNeg     . . .     Faith    .   e - +0 robe
rPois    .         Spirit   .   (no helmet)
rElec    .         Reflect  .   (no cloak)
rCorr    .         Harm     .   (no gloves)
MR       .....                  (no boots)
Stlth    ++........             (no amulet)
HPRegen  0.07/turn              (no ring)
MPRegen  0.12/turn              (no ring)

@: constricted
A: distributed training, fangs 1, strong nose
a: no special abilities


You were on level 1 of the Dungeon.
You were not hungry.

You visited 1 branch of the dungeon, and saw 1 of its levels.

You collected 14 gold pieces.

Inventory:

Hand Weapons
 b - a +0 shortbow
 f - a +0 dagger (weapon)
Missiles
 c - 17 arrows
Armour
 e - a +0 robe (worn)
Potions
 h - a potion of curing {unknown}
 i - a potion of brilliance {unknown}
Books
 a - a book of Minor Magic

   Spells                             Type                      Level
   a - Magic Dart                     Conjuration                  1
   b - Blink                          Translocation                2
   c - Call Imp                       Summoning                    2
   d - Slow                           Hexes                        2
   e - Conjure Flame                  Conjuration/Fire             3
   f - Mephitic Cloud                 Conjuration/Poison/Air       3
 d - Uvojon's Disquisition on Stones

   Spells                             Type                      Level
   a - Sandblast                      Earth                        1
   b - Stone Arrow                    Conjuration/Earth            3
Comestibles
 g - 2 rations


   Skills:
 + Level 2.4 Fighting
 + Level 0.3 Short Blades
 + Level 0.3 Long Blades
 + Level 0.3 Axes
 + Level 0.3 Maces & Flails
 + Level 0.3 Polearms
 + Level 0.3 Staves
 + Level 0.3 Slings
 + Level 4.4 Bows
 + Level 0.3 Crossbows
 + Level 0.3 Throwing
 + Level 0.3 Armour
 + Level 0.3 Dodging
 + Level 4.0 Stealth
 + Level 0.3 Shields
 + Level 0.3 Unarmed Combat
 + Level 7.1 Spellcasting
 + Level 0.2 Conjurations
 + Level 0.2 Hexes
 + Level 0.2 Charms
 + Level 0.2 Summonings
 + Level 0.2 Necromancy
 + Level 0.2 Translocations
 + Level 0.2 Transmutations
 + Level 0.2 Fire Magic
 + Level 0.2 Ice Magic
 + Level 0.2 Air Magic
 + Level 3.7 Earth Magic
 + Level 0.2 Poison Magic
 + Level 0.4 Invocations
 + Level 0.3 Evocations


You had 15 spell levels left.
You didn't know any spells.

Dungeon Overview and Level Annotations

Branches:
Dungeon (1/15)

Altars:


Innate Abilities, Weirdness & Mutations

Your experience applies equally to all skills.
You have very sharp teeth.
Your uncanny sense of smell can sniff out nearby items.


Message History

The ball python bites you but does no damage.
The ball python barely misses you.
You hit the kobold.
The kobold is moderately wounded.
The ball python barely misses you. x2; The kobold barely misses you.
The kobold hits you. The ball python barely misses you.
The ball python grabs you. The ball python constricts you.
You barely miss the ball python. The kobold hits you with a short sword.
* * * LOW HITPOINT WARNING * * *
The kobold hits you.
* * * LOW HITPOINT WARNING * * *
The ball python bites you but does no damage.
* * * LOW HITPOINT WARNING * * *
The ball python constricts you.
You are too injured to fight recklessly!
You are too injured to fight recklessly!
You miss the kobold. You bite the kobold, but do no damage.
The kobold is severely wounded.
The kobold hits you with a short sword.
You die...

#...?...#
#.......#
#.......#
#.......#
#......(#
#.......#
#....(..#
#...KS..#
#...K@..#
#.......#
#########


You could see a ball python and 2 kobolds.

Vanquished Creatures
  A giant cockroach (D:1)
  A goblin (D:1)
  A hobgoblin (D:1)
  2 jackals (D:1)
  3 kobolds (D:1)
  A frilled lizard (D:1)
9 creatures vanquished.

Notes
Turn   | Place    | Note
-------+----------+-------------------------------------------
     0 | D:1      | Frisk the Gnoll Wanderer began the quest for the Orb.
     0 | D:1      | Frisk set off with: a book of Minor Magic, a +0 shortbow, 27 arrows, Uvojon's Disquisition on Stones, a +0 robe, a +0 dagger, a ration
     0 | D:1      | Reached XP level 1. HP: 17/17 MP: 8/8
    22 | D:1      | Identified Uvojon's Disquisition on Stones
    60 | D:1      | Reached XP level 2. HP: 23/23 MP: 10/10
   134 | D:1      | Slain by a kobold

Action                   || total
-------------------------++-------
Melee: Dagger            ||     5
       Bite              ||     1
 Fire: Shortbow          ||    28
Armor: Robe              ||     5
Dodge: Dodged            ||    22
